 Dungeon Crawl Stone Soup version 0.25-a0-786-g5b70d41e48 (webtiles) character file.

Game seed: 12240323388317076730, levelgen mode: deterministic

130 Maedhros the Charlatan (level 5, 0/39 HPs)
             Began as a Formicid Artificer on Apr 18, 2020.
             Was an Initiate of Fedhas.
             Splashed by a jelly's acid (9 damage)
             ... on level 6 of the Dungeon.
             The game lasted 00:05:23 (547 turns).

Maedhros the Charlatan (Formicid Artificer)          Turns: 547, Time: 00:05:25

Health: 0/39       AC: -5    Str: 17    XL:     5   Next: 36%
Magic:  8/8        EV: 12    Int: 10    God:    Fedhas [......]
Gold:   11         SH:  0    Dex: 12    Spells: 4/4 levels left

rFire    . . .     SeeInvis +   m - +0 bardiche
rCold    . . .     Gourm    .   (no shield)
rNeg     . . .     Faith    .   b - +0 leather armour
rPois    .         Spirit   .   (helmet unavailable)
rElec    .         Reflect  .   (no cloak)
rCorr    .         Harm     .   (no gloves)
MR       .....                  (no boots)
Stlth    ++........             (no amulet)
HPRegen  0.13/turn              (no ring)
MPRegen  0.11/turn              (no ring)

@: corroded
A: permanent stasis, dig shafts and tunnels, four strong arms, antennae 3
a: Dig, Shaft Self, Renounce Religion


You were on level 6 of the Dungeon.
You worshipped Fedhas.
Fedhas was noncommittal.
You were not hungry.

You visited 2 branches of the dungeon, and saw 6 of its levels.

You collected 11 gold pieces.

Inventory:

Hand Weapons
 a - a +0 short sword
 m - a +0 bardiche (weapon)
Armour
 b - a +0 leather armour (worn)
Wands
 d - a wand of enslavement (8)
 e - a wand of random effects (15)
 k - a wand of paralysis (11)
Scrolls
 j - a scroll of identify {unknown}
 l - a scroll of enchant armour {unknown}
Potions
 g - a potion of degeneration {unknown}
 h - a potion of curing {unknown}
 i - 2 potions of lignification {unknown}
Comestibles
 f - a ration


   Skills:
 + Level 2.6 Fighting
 - Level 1.0 Short Blades
 * Level 0.6 Polearms
 + Level 2.6 Dodging
 + Level 3.1 Stealth
 * Level 4.2 Evocations


You had 4 spell levels left.
You didn't know any spells.
Your spell library was empty.

Dungeon Overview and Level Annotations

Branches:
Dungeon (6/15)             Temple (1/1) D:6

Altars:
Ashenzari
Dithmenos
Fedhas
Hepliaklqana
Kikubaaqudgha
Makhleb
Nemelex Xobeh
Okawaru
Ru
Sif Muna
Trog
Uskayaw
Vehumet
Wu Jian
Xom
Yredelemnul
Zin
The Shining One


Innate Abilities, Weirdness & Mutations

You cannot be hasted, slowed, berserked, paralysed or teleported.
You can dig through walls and to a lower floor.
Your four strong arms can wield two-handed weapons with a shield.
You have a pair of large antennae on your head. (SInv)


Message History

The jelly is severely wounded.
The jelly barely misses you.
Evoke which item? (* to show all) (? for menu, Esc to quit)
Aiming: Throw Flame
Press: ? - help, Shift-Dir - straight line, f/p - jelly
Aim: a jelly (severely wounded)
The puff of flame hits the jelly!
The jelly is almost dead.
The now-empty wand crumbles to dust.
The jelly hits you but does no damage.
Evoke which item? (* to show all) (? for menu, Esc to quit)
You don't have any such object.
Evoke which item? (* to show all) (? for menu, Esc to quit)
Okay, then.
You slash the jelly! The acid corrodes you!
Your hands burn!
The jelly is almost dead.
The jelly hits you.
* * * LOW HITPOINT WARNING * * *
The acid corrodes you!
You are splashed with acid!
You die...
Fedhas appreciates your contribution to the ecosystem.

≈§≈§≈.'..................
≈>≈§≈##..................
§≈≈≈≈.......###+##.......
≈§≈≈........#....#.......
≈§§.........#....#.......
#...........#....#......<
#...........#....#
#...........# #..#
##########. #.@###### ..
+.J.....# ... ...
#.......#...... ....
#.......#...... ....
#.......#..... ####
###'#####..... ....
#.........# ....
+.........# .. ....
#.........+ .....


You could see a jelly.

Vanquished Creatures
  A bullfrog (D:6)
  A crimson imp (D:6)
  Ijyb (D:6)
  An orc (D:6)
  A giant cockroach (D:3)
  2 quokkas (D:6)
  A frilled lizard (D:3)
8 creatures vanquished.

Vanquished Creatures (collateral kills)
  3 orcs (D:6)
3 creatures vanquished.

Grand Total: 11 creatures vanquished

Notes
Turn   | Place    | Note
-------+----------+-------------------------------------------
     0 | D:1      | Maedhros the Formicid Artificer began the quest for the
                  | Orb.
     0 | D:1      | Reached XP level 1. HP: 15/15 MP: 3/3
    33 | D:3      | You fall into a shaft and drop 2 floors!
    33 | D:5      | Entered Level 5 of the Dungeon
    47 | D:5      | Noticed Ijyb
    92 | D:6      | Killed Ijyb
    92 | D:6      | Reached XP level 2. HP: 21/22 MP: 4/4
    92 | D:6      | Reached XP level 3. HP: 26/27 MP: 5/5
   125 | D:6      | Found a staircase to the Ecumenical Temple.
   133 | Temple   | Entered the Ecumenical Temple
   308 | Temple   | Became a worshipper of Fedhas Madash
   389 | D:6      | Noticed an orc warrior
   441 | D:6      | Noticed a bullfrog
   455 | D:6      | Killed a bullfrog
   455 | D:6      | Reached skill level 4 in Evocations
   455 | D:6      | Reached XP level 4. HP: 12/34 MP: 5/7
   503 | D:6      | Reached XP level 5. HP: 15/39 MP: 8/8
   547 | D:6      | Splashed by a jelly's acid

Levels and vault maps discovered:
D:1:      dpeg_arrival_fog, layout_basic
D:2:      layout_loops_ring, chequers_ecumenical_altar_lobes
D:3:      layout_loops_ring, tgw_xom
D:5:      layout_loops_ring, uniq_ijyb
D:6:      layout_gridville, old_standard_altar, minmay_temple_entry_mist,
          minmay_fire_ice_demons, uniq_pikel
Temple:   dpeg_five_rooms_temple

Skill      XL: |  1  2  3  4 |
---------------+-------------+-----
Fighting       | 2 |  2.6
Dodging        | 2 |  2.6
Stealth        | 2 3 |  3.1
Evocations     | 4 |  4.2
Short Blades   | |  1.0
Polearms       | |  0.6

Action                   |  1- 3 |  4- 6 || total
-------------------------+-------+-------++-------
Melee: Short sword       |    19 |     8 ||    27
       Bardiche          |       |    13 ||    13
 Abil: Shaft Self        |     1 |       ||     1
Evoke: Wand              |    21 |     4 ||    25
 Stab: Paralysed         |     5 |       ||     5
       Sleeping          |     2 |     1 ||     3
Armor: Leather armour    |     2 |     5 ||     7
Dodge: Dodged            |    11 |    18 ||    29

Table legend:
 A = Non-vault XP
 B = Vault XP
 C = Vault XP percentage of total XP
 D = Non-vault monster count
 E = Vault monster count
 F = Vault count percentage of total count
                 A         B        C        D         E       F
            +---------+---------+-------+---------+---------+-------
      Total |     153 |      34 |  18.2 |      10 |       1 |   9.1
            +---------+---------+-------+---------+---------+-------
        D:3 |       3 |       0 |   0.0 |       2 |       0 |   0.0
        D:6 |     150 |      34 |  18.5 |       8 |       1 |  11.1
            +---------+---------+-------+---------+---------+-------
